[Event "*** Titled Tuesday Blitz"]
[Site "Chess.com"]
[Date "2021.02.02"]
[Round "4"]
[White "Gulkov_Igor"]
[Black "pavet"]
[Result "1-0"]
[WhiteElo "2507"]
[BlackElo "2318"]
[TimeControl "180+1"]
[EndTime "10:43:19 PST"]
[Termination "Gulkov_Igor won by resignation"]

1. Nf3 Nf6 2. c4 g6 3. Nc3 d5 4. cxd5 Nxd5 5. Qa4+ Nc6 6. Ne5 Qd6 7. Nxc6 Qxc6 8.
Qxc6+ bxc6 9. g3 Bg7 10. Bg2 e6 11. d3 Rb8 12. Kd2 O-O 13. e4 Nxc3 14. bxc3 Rd8 15.
Kc2 Ba6 16. Rd1 Rd7 17. Be3 Rbd8 18. Bf1 h5 19. a4 Ra8 20. Bc5 Bf6 21. f4 Kg7 22. e5 Be7 23. Bxe7 Rxe7 24. Bg2 h4 25. Bxc6 Rb8 26. Rab1 Rd8 27. d4 f6 28. exf6+ Kxf6 29. Re1 hxg3 30. hxg3 Rh8 31. Rh1 Reh7 32. Rxh7 Rxh7 33.
Rh1 Rxh1 34. Bxh1 g5 35. Kd2 gxf4 36. gxf4 Bc4 37. a5 Ke7 38. Ke3 Kd6 39. Be4 c5 40.
Bc2 Bd5 41. Ba4 Bc4 42. Be8 Bd5 43. Bf7 Bc6 44. Bg6 Bd5 45. Be4 Bc4 46. Kf2 cxd4 47. cxd4 Bb3 48. Kg3 Bd5 49. Kf3 Bc4 50. Ke3 Bb3 51. Kd2 Bc4 52. Kc3 Bb5 53. Kb4 Be2 54.
Kc3 Bf1 55. Bd3 Bg2 56. Bc4 Bc6 57. Kb4 Be4 58. Kb5 Bb7 59. Bd3 Bc8 60. Be4 Kc7 61.
Kc5 Bd7 62. d5 exd5 63. Bxd5 Bc8 64. Be4 Be6 65. f5 Bf7 66. f6 Be6 67. Bd5 Bxd5 68. Kxd5 Kd7 69. Kc5 Ke6 70. Kc6 Kxf6 71. Kb7 Ke7 72.
Kxa7 Kd7 73. Kb7 1-0

[Event "*** Titled Tuesday Blitz"]
[Site "Chess.com"]
[Date "2021.02.02"]
[Round "4"]
[White "VladaSviridova"]
[Black "ailime26"]
[Result "0-1"]
[WhiteElo "2255"]
[BlackElo "2068"]
[TimeControl "180+1"]
[EndTime "10:43:20 PST"]
[Termination "ailime26 won on time"]

1. d4 d5 2. c4 e6 3. Nf3 Nf6 4. Nc3 Be7 5. Bf4 O-O 6. e3 b6 7. cxd5 Nxd5 8. Nxd5 Qxd5 9. Bd3 Bb7 10. O-O c5 11. Qc2 Qh5 12. Be4 Bxe4 13. Qxe4 Nd7 14. Qb7 Qd5 15. Qxd5 exd5 16. dxc5 bxc5 17. Rfd1 Nb6 18. Rac1 Rfd8 19. b3 Rac8 20. a4 a5 21.
Ne5 c4 22. bxc4 dxc4 23. Rxd8+ Rxd8 24. Nc6 Rd7 25. h3 Ba3 26. Rb1 Nxa4 27. Ra1 Bb2 28. Rxa4 c3 29. Be5 f6 30. Bd4 Rc7 31. Nxa5 Rc8 32.
Nc4 Rb8 33. Nxb2 cxb2 34. Bxb2 Rxb2 35. Ra7 Rb1+ 36. Kh2 h6 37. Kg3 Kh7 38. h4 Kg6 39.
Kf3 Kh5 40. g3 Kg6 41. g4 Kh7 42. h5 Rb5 43. Kg3 Rg5 44. f4 Rb5 45. Kf3 Kg8 46.
Rc7 Kf8 47. Rd7 Kg8 48. Ke4 Ra5 49. f5 Re5+ 50. Kd4 Ra5 51. e4 Re5 52. Rd5 Re7 53.
e5 fxe5+ 54. Rxe5 Rd7+ 55. Ke4 Kf7 56. Kf4 Ra7 57. Rb5 Ra4+ 58. Ke5 Rxg4 59. Rb7+ Kg8 60. Ke6 Re4+ 61. Kd5 Rh4 62. Ke6 Rxh5 63. Rb8+ Kh7 0-1

[Event "*** Titled Tuesday Blitz"]
[Site "Chess.com"]
[Date "2021.02.02"]
[Round "4"]
[White "cassoulet"]
[Black "hansen"]
[Result "0-1"]
[WhiteElo "2758"]
[BlackElo "2907"]
[TimeControl "180+1"]
[EndTime "10:43:25 PST"]
[Termination "hansen won on time"]

1. e4 c5 2. Nf3 e6 3. d4 cxd4 4. Nxd4 a6 5. Nc3 Qc7 6. Bd3 Nf6 7. Be3 Bb4 8. O-O O-O 9. Na4 b5 10. a3 Be7 11. Nc3 Bb7 12. f4 d6 13. Qf3 Nbd7 14.
Rae1 Nc5 15. Bf2 d5 16. e5 Nfe4 17. Bxe4 Nxe4 18. Nxe4 dxe4 19. Qh3 Rad8 20. c3 Bd5 21. f5 Qxe5 22. Bg3 Qf6 23. fxe6 Qg6 24. exf7+ Rxf7 25. Rxf7 Bxf7 26. Qf5 Bd5 27. Qe5 Bf6 28. Qc7 h5 29. Re3 Rf8 30. Qd6 Bc4 31. h3 Rd8 32. Qf4 Bg5 33.
Qxe4 Bxe3+ 34. Qxe3 Bd5 35. h4 Re8 36. Qf4 Rf8 37. Qe5 Qb1+ 38. Kh2 Qe4 39. Qxe4 Bxe4 40. Kg1 Bd3 41. Bf2 Kf7 42. Nc6 Re8 43. Bd4 Re1+ 44. Kf2 Rf1+ 45. Ke3 Bc4 46. Ne5+ Ke6 47. Nf3 Rb1 48.
b4 g6 49. Kf4 Bd5 50. Ng5+ Kd7 51. g3 Re1 52. Nh7 Re4+ 53. Kg5 Rg4+ 54. Kh6 Rxg3 55. Ng5 Rg4 56. Bf2 Rg2 57. Bd4 Rh2 58. Kxg6 Rxh4 59. Nh7 Rh1 60. Nf6+ Kc6 61. Nxh5 Bf7+ 62. Kxf7 Rxh5 63.
Kf6 Kd5 64. Ke7 Rh7+ 65. Kd8 Rh4 66. Kc7 Rh6 67. Kb7 Kc4 68. Bb6 Kxc3 69. Kxa6 Kc4 70. Ka5 Rh3 71. Bc5 Rxa3+ 72. Kb6 Rb3 73. Ka5 Ra3+ 74. Kb6 Ra4 75. Kc6 Rxb4 0-1

[Event "*** Titled Tuesday Blitz"]
[Site "Chess.com"]
[Date "2021.02.02"]
[Round "4"]
[White "K_A_S_T_O_R"]
[Black "Machidon"]
[Result "0-1"]
[WhiteElo "2741"]
[BlackElo "2558"]
[TimeControl "180+1"]
[EndTime "10:43:25 PST"]
[Termination "Machidon won on time"]

1. e4 c6 2. c4 d5 3. cxd5 cxd5 4.
exd5 Nf6 5. Nc3 g6 6. Bc4 Bg7 7. Nf3 O-O 8. O-O Nbd7 9. d3 a6 10. a4 b6 11. h3 Bb7 12. Be3 Ne8 13. Re1 Nd6 14. Ba2 b5 15. axb5 axb5 16. Qd2 Nb6 17. b4 Nxd5 18. Bxd5 Rxa1 19. Rxa1 Bxd5 20. Nd4 Qd7 21.
Nxd5 Bxd4 22. Bxd4 Nf5 23. Nf6+ exf6 24. Bxf6 Re8 25.
Re1 Re6 26. Bb2 h5 27. Rxe6 Qxe6 28. Qc3 Kf8 29. Qc5+ Kg8 30. Kf1 Qd7 31. Ke2 h4 32.
Qe5 Kf8 33. Kd2 Qc6 34. Qe4 Qd7 35. Qa8+ Ke7 36. Bc3 Ke6 37. Qe4+ Kd6 38. Be5+ Ke7 39. Bf4+ Qe6 40. g4 hxg3 41. fxg3 f6 42. g4 Qxe4 43. dxe4 Nd4 44. Kd3 Nc6 45. Bd2 g5 46. Bc3 Ke6 47.
Ke3 Ne7 48. Kd4 Kd6 49. Ke3 Ke6 50. Kf3 Nc6 51. Kg3 Ne7 52. h4 gxh4+ 53. Kxh4 Ng6+ 54. Kg3 Ne7 55. Bd4 Nc6 56. Bc3 Ne7 57. Kf3 Nc6 58.
Kf4 Ne7 59. Ke3 Nc6 60. Be1 Ke7 61. Kf4 Ke6 62. Bc3 Ne7 63. Kg3 Nc6 64. Kh4 Ne7 65. Kh5 Kf7 66. e5 Nd5 0-1

[Event "*** Titled Tuesday Blitz"]
[Site "Chess.com"]
[Date "2021.02.02"]
[Round "4"]
[White "Bastiandash"]
[Black "Ajedrez_con_German"]
[Result "1/2-1/2"]
[WhiteElo "2478"]
[BlackElo "2617"]
[TimeControl "180+1"]
[EndTime "10:43:25 PST"]
[Termination "Game drawn by repetition"]

1. d4 d5 2. Nf3 Nf6 3. c3 c6 4. Bg5 Bf5 5. e3 e6 6. Bd3 Bxd3 7. Qxd3 Be7 8. Nbd2 O-O 9. Ne5 Nbd7 10. f4 Nxe5 11.
fxe5 Nd7 12. Bxe7 Qxe7 13. O-O f6 14. exf6 Rxf6 15. e4 Raf8 16. e5 Rxf1+ 17. Rxf1 Rxf1+ 18. Nxf1 Qg5 19. Qh3 Nf8 20. Qe3 Qf5 21. Qf2 Qb1 22. a3 h6 23. h3 Nd7 24. Kh2 Qd3 25. Ng3 Nf8 26. Nh5 Ng6 27. Ng3 Ne7 28. Qf4 Qg6 29. Kg1 Qb1+ 30. Kh2 Qg6 31. Qf3 Qf7 32. Qg4 Kh7 33.
Kg1 Ng6 34. Ne2 Ne7 35. Ng3 b6 36. Kh2 Ng6 37. Nh5 c5 38. Qg3 cxd4 39. cxd4 Ne7 40. Qg4 Nf5 41. Ng3 Nxg3 42. Qxg3 Qf5 43. Qe3 Kg6 44.
Qg3+ Qg5 45. Qd3+ Qf5 46. Qg3+ Kh7 47. Qe3 Qc2 48. Qf3 Qg6 49. Qe3 a5 50. Qc3 Qe4 51. Qd2 a4 52. Qc3 b5 53. Qd2 Qf5 54. Qc3 Qf4+ 55. Kh1 h5 56. Kg1 h4 57. Qd3+ Kh6 58.
Qc3 Qe4 59. Qd2+ g5 60. Qc3 Qf4 61. Qd3 Qf5 62. Qc3 Qe4 63. Qd2 Qf4 64. Qxf4 gxf4 65. Kf2 Kg5 66. Ke2 Kh5 67. Kf2 Kg5 68. Ke2 Kf5 69. Kf3 Kg5 70. Kf2 Kf5 71. Kf3 Kg5 72. Kf2 Kf5 73. Kf3 1/2-1/2

[Event "*** Titled Tuesday Blitz"]
[Site "Chess.com"]
[Date "2021.02.02"]
[Round "4"]
[White "SergeiAza"]
[Black "AlexTriapishko"]
[Result "0-1"]
[WhiteElo "2787"]
[BlackElo "2924"]
[TimeControl "180+1"]
[EndTime "10:43:29 PST"]
[Termination "AlexTriapishko won on time"]

1. e4 e5 2. Nf3 Nc6 3. Bb5 Bc5 4.
O-O Nge7 5. c3 Bb6 6. d4 exd4 7. cxd4 d5 8. exd5 Nxd5 9. Re1+ Be6 10. Nc3 O-O 11. Bxc6 bxc6 12. h3 Re8 13. Bd2 c5 14. dxc5 Bxc5 15. Ne4 Bb6 16. Rc1 Bf5 17. Ng3 Bg6 18.
Rxe8+ Qxe8 19. Nh4 Qe5 20. Qf3 Rd8 21. Re1 Qd4 22. Nxg6 Qxd2 23. Ne7+ Kf8 24. Rd1 Qxf2+ 25. Qxf2 Bxf2+ 26. Kxf2 Kxe7 27. Nf5+ Kf6 28. g4 g6 29.
Ne3 Ke6 30. Rc1 Nf4 31. Kf3 Nxh3 32. Rxc7 Rd2 33. Rxa7 Rxb2 34. Ra6+ Ke7 35. Nd5+ Kf8 36. Nf6 Ng5+ 37. Kf4 Ne6+ 38. Kg3 Kg7 39. Ne8+ Kh6 40. Nd6 Kg7 41. Ne8+ Kf8 42. Nf6 Ng5 43. Kf4 h6 44. Ra8+ Kg7 45. Ne8+ Kf8 46. Nf6+ Ke7 47. Ng8+ Kd6 48. Nxh6 Ne6+ 49. Kg3 Rb7 50. Ra6+ Ke5 51. Ng8 Nd4 52. Nf6 Ne2+ 53. Kf2 Nd4 54. g5 Kf4 55. Ra5 Nf5 56. Nd5+ Kg4 57. a4 Rb2+ 58. Ke1 Ra2 59. Nc3 Ra3 60. Ne4 Re3+ 61. Kd2 Rxe4 62. Kd3 Rd4+ 63.
Kc3 Rf4 64. Ra7 Nd6 65. Kb3 Rf3+ 66. Kb4 Kxg5 67. a5 Rf4+ 68. Kc5 Ne4+ 0-1

[Event "*** Titled Tuesday Blitz"]
[Site "Chess.com"]
[Date "2021.02.02"]
[Round "4"]
[White "Gusarov91"]
[Black "CakeinSpace2002"]
[Result "1-0"]
[WhiteElo "1232"]
[BlackElo "2363"]
[TimeControl "180+1"]
[EndTime "10:43:29 PST"]
[Termination "Gusarov91 won by checkmate"]

1. e4 c5 2. Nf3 Nc6 3. Bb5 g6 4. O-O Bg7 5. c3 e5 6. Re1 Nge7 7. d3 O-O 8. Nbd2 d6 9. a3 h6 10. b4 a6 11. Bc4 b5 12. Bb3 Kh7 13. Bb2 f5 14.
Qe2 f4 15. bxc5 dxc5 16. a4 Bb7 17. axb5 axb5 18. Rxa8 Bxa8 19. d4 cxd4 20. cxd4 Nxd4 21. Nxd4 exd4 22. Qxb5 Bc6 23. Qc5 Qd7 24. Ba3 Ng8 25. Bd5 Rc8 26. Rc1 Bb7 27. Qa5 Rxc1+ 28. Bxc1 Bxd5 29.
Qxd5 Qc8 30. Qc4 Qa8 31. h3 Ne7 32. Nf3 Qxe4 33. Bd2 Nf5 34. Qf7 d3 35. h4 Nd6 36.
Qxf4 Qxf4 37. Bxf4 Ne4 38. Nd2 Nc3 39. Kf1 Ne2 40.
Be3 Bc3 41. Ne4 Ba5 42. f3 Kg7 43. Kf2 Kf7 44. Bxh6 Ke6 45. Be3 Ke5 46. g4 Bb4 47.
h5 gxh5 48. gxh5 Kf5 49. h6 Kg6 50. Nd2 Nc3 51. Ke1 Nd1 52. Bf4 Nb2 53. Kf2 Bxd2 54. Bxd2 Nc4 55. Ke1 Ne5 56. Kf2 Nc4 57. Bf4 d2 58.
Ke2 Kf5 59. Bxd2 Ne5 60. h7 Nf7 61. Bc3 Kg6 62. h8=Q Nxh8 63. Bxh8 Kf7 64. Bc3 Ke6 65. Ke3 Kf7 66. Ke4 Ke8 67. f4 Kf8 68. Ke5 Kf7 69. f5 Ke7 70. f6+ Kf7 71. Kf5 Ke8 72. Ke6 Kf8 73. Bb4+ Ke8 74. f7+ Kd8 75. f8=Q+ Kc7 76.
Qd6+ Kb7 77. Kd5 Ka7 78. Kc5 Ka8 79. Qd7 Kb8 80. Kb6 Ka8 81. Qd8# 1-0

[Event "*** Titled Tuesday Blitz"]
[Site "Chess.com"]
[Date "2021.02.02"]
[Round "4"]
[White "Dedic8"]
[Black "Annawel"]
[Result "1-0"]
[WhiteElo "2826"]
[BlackElo "2920"]
[TimeControl "180+1"]
[EndTime "10:43:30 PST"]
[Termination "Dedic8 won by checkmate"]

1. e4 c5 2. Nf3 d6 3. d4 cxd4 4. Nxd4 Nf6 5. Nc3 a6 6. Bg5 Nbd7 7. Bc4 Qb6 8. Bb3 e6 9. f3 Be7 10. Qd2 Nc5 11. O-O-O Bd7 12. Be3 Qc7 13. a3 b5 14. Ba2 Rb8 15. b4 Na4 16. Nxa4 bxa4 17. c3 a5 18. Kb2 O-O 19. Rc1 Rfc8 20. g4 Be8 21. Ka1 Nd7 22. c4 axb4 23. axb4 a3 24. g5 Ne5 25. Rhg1 Ba4 26. f4 Nc6 27. b5 Nxd4 28.
Bxd4 e5 29. Be3 Qb7 30. Qd3 exf4 31. Bxf4 Qb6 32. Be3 Qd8 33. h4 Bf8 34. h5 Qe7 35. Bd4 Rb7 36. g6 Rbc7 37. gxf7+ Kxf7 38. c5+ Ke8 39. c6 Rb8 40. Bd5 Bxb5 41. Qh3 Rbc8 42. Rgf1 Bxc6 43.
Bxc6+ Rxc6 44. Qxc8+ Rxc8 45. Rxc8+ Kd7 46. Rcxf8 Qxe4 47.
R8f7+ Kc6 48. Bxg7 Qe2 49. h6 Qc2 50. R7f2 Qe4 51.
Rc1+ Kd7 52. Rd2 Qg4 53. Rcd1 Ke7 54. Rxd6 Qe2 55. R6d2 Qc4 56. Re1+ Kf7 57. Rf2+ Kg6 58. Rg1+ Kh5 59. Rh2+ Qh4 60. Rxh4+ Kxh4 61. Ka2 Kh5 62. Kxa3 Kh4 63. Kb4 Kh5 64. Kc5 Kh4 65. Kd6 Kh5 66.
Ke7 Kh4 67. Kf7 Kh5 68. Kg8 Kh4 69. Kxh7 Kh5 70. Kg8 Kh4 71. h7 Kh5 72. h8=Q# 1-0

[Event "*** Titled Tuesday Blitz"]
[Site "Chess.com"]
[Date "2021.02.02"]
[Round "4"]
[White "davigator"]
[Black "Squirlolz"]
[Result "0-1"]
[WhiteElo "2314"]
[BlackElo "2491"]
[TimeControl "180+1"]
[EndTime "10:43:31 PST"]
[Termination "Squirlolz won on time"]

1. e4 e6 2. d4 d5 3. Nc3 Nc6 4. Nf3 Nf6 5. e5 Ne4 6. Bd3 Bb4 7. Bd2 Nxd2 8. Qxd2 Bd7 9. a3 Ba5 10. O-O f6 11. exf6 Qxf6 12. b4 Bb6 13. Ne2 O-O 14. c3 e5 15. dxe5 Nxe5 16. Nxe5 Qxe5 17.
Nd4 Rae8 18. Rae1 Qh5 19. Be2 Qg6 20. Bd3 Qd6 21. Qg5 c6 22. Qh4 g6 23. Qg3 Qf6 24. Ne2 Kg7 25. h4 Re7 26. h5 g5 27. Kh1 Bxf2 28.
Qh2 h6 29. Rd1 Qe5 30. g3 Bb6 31. Rxf8 Kxf8 32. Rf1+ Kg7 33. Qg2 Bg4 34. Ng1 Bxh5 35. a4 Bc7 36. b5 Qxc3 37. Qc2 Qxc2 38. Bxc2 c5 39. Kg2 Re3 40. Rf5 Rxg3+ 41. Kf2 Rc3 42. Bb1 d4 43. Nf3 Bg6 44. Rd5 Bxb1 45. Rd7+ Kf6 46.
Rxc7 Be4 47. Nd2 Bd5 48. Rh7 Kg6 49. Rd7 Bb3 50. Rxb7 Bxa4 51. Rxa7 Bxb5 52. Rb7 Bc6 53. Rb6 Kf5 54. Rxc6 h5 55. Rd6 h4 56. Rd5+ Kf4 57.
Rd8 Rc2 58. Ke1 g4 59. Rf8+ Kg3 60. Kd1 Ra2 61. Ne4+ Kg2 62. Nxc5 h3 63. Rf4 g3 64. Nd3 h2 65. Rh4 h1=Q+ 66. Ne1+ Qxe1+ 67. Kxe1 d3 68. Rh8 Re2+ 69. Kd1 Kf2 70. Rf8+ Kg1 71. Rd8 Re3 72.
Kd2 Rf3 73. Ra8 Kf2 0-1

[Event "*** Titled Tuesday Blitz"]
[Site "Chess.com"]
[Date "2021.02.02"]
[Round "4"]
[White "Cambek64"]
[Black "Lysiak_Poltorak"]
[Result "1-0"]
[WhiteElo "2290"]
[BlackElo "2432"]
[TimeControl "180+1"]
[EndTime "10:43:38 PST"]
[Termination "Cambek64 won by resignation"]

1. e4 c5 2. Nc3 Nc6 3. d3 g6 4.
Be3 b6 5. d4 cxd4 6. Bxd4 e5 7.
Be3 Bg7 8. Nb5 Nge7 9. Nd6+ Kf8 10. Bc4 f5 11. Nf7 Qc7 12. Nxh8 f4 13. Bd2 Nd4 14. Bd3 Bxh8 15. Nf3 Nec6 16. Nxd4 Nxd4 17. c3 Ne6 18. O-O Bb7 19. c4 Kf7 20. Kh1 Nc5 21. Qe2 Ne6 22. Bc3 Bf6 23. Rac1 Rc8 24. g3 Qc6 25. f3 d6 26. b4 Bg5 27. g4 Bf6 28. Qb2 Nd4 29. Bxd4 exd4 30. c5 dxc5 31. bxc5 bxc5 32. Bc4+ Kg7 33.
Bd5 Qb6 34. Qxb6 axb6 35. Bxb7 Rc7 36. Ba6 Kf8 37. a4 Ke7 38. Kg2 Kd6 39. Bb5 Be5 40.
h4 Ra7 41. Rh1 Ra5 42. Kf2 h6 43. Ke2 Ke7 44. Kd3 Kd6 45. Kc4 Ra7 46. Rc2 Ra5 47. g5 h5 48. Rd1 Ra8 49. Rd3 Ra7 50. Ra3 Ra5 51. Kb3 Ke7 52. Bc4 Bd6 53. Raa2 Be5 54. Rc1 Kd6 55. Rb1 Kc7 56. Kc2 Ra7 57. Rb5 Kc6 58.
a5 bxa5 59. Raxa5 d3+ 60. Kxd3 Rd7+ 61. Bd5+ Kd6 62. Ra6+ Ke7 63. Rb7 Rxb7 64. Bxb7 Bd6 65. Bd5 Kd7 66. Kc4 Kc7 67. Bf7 Be5 68. Rd6 Bd4 69.
Rxg6 1-0

[Event "*** Titled Tuesday Blitz"]
[Site "Chess.com"]
[Date "2021.02.02"]
[Round "4"]
[White "A-S-00"]
[Black "chescomhuynya"]
[Result "0-1"]
[WhiteElo "2333"]
[BlackElo "2508"]
[TimeControl "180+1"]
[EndTime "10:43:40 PST"]
[Termination "chescomhuynya won by resignation"]

1. d4 Nf6 2. c4 g6 3. Nc3 d5 4. cxd5 Nxd5 5. e4 Nxc3 6. bxc3 Bg7 7. Nf3 c5 8. Be2 Nc6 9. Be3 Qa5 10. Qd2 cxd4 11.
cxd4 Qxd2+ 12. Kxd2 O-O 13. Rhd1 Rd8 14. Ke1 Bg4 15.
e5 Nb4 16. Rac1 Nxa2 17. Rc7 Rd7 18. Rxd7 Bxd7 19. Bd2 Be6 20. Rb1 b6 21. Ng5 Bd5 22.
Bf3 Bxf3 23. Nxf3 Rc8 24. Ra1 Rc2 25. Kd1 Rb2 26. Ne1 Nb4 27. Rxa7 h5 28. Rb7 Nc6 29. Nc2 e6 30. Bc3 Rb3 31. Kd2 Bh6+ 32. Kd3 Bf8 33.
Kd2 Kg7 34. g3 Ne7 35. Ne3 b5 36. Kc2 Ra3 37. Rxb5 Nc6 38. Rb6 Ne7 39. Kd3 Kg8 40. Nc4 Ra2 41. Rb8 Rxf2 42. Bb4 Kg7 43. Nd6 Nd5 44.
Ne8+ Kg8 45. Nf6+ Nxf6 46. Rxf8+ Kg7 47. exf6+ Kxf6 48. Rh8 Rxh2 49. Bc3 Rg2 50. d5+ Ke7 51. dxe6 Kxe6 52. Ke4 Rxg3 53. Re8+ Kd7 54. Rf8 Rxc3 55.
Rxf7+ Ke6 56. Rg7 Kf6 57. Rg8 Rc7 58. Kf3 Kg5 59. Rd8 Rc3+ 60. Kg2 h4 61. Rd5+ Kg4 62.
Rd4+ Kh5 63. Ra4 g5 64. Rb4 h3+ 65. Kh2 g4 66. Ra4 Kh4 67. Rb4 Rc2+ 68. Kh1 Rf2 69. Rc4 Kg3 70. Rc3+ Rf3 71. Rxf3+ 0-1

[Event "*** Titled Tuesday Blitz"]
[Site "Chess.com"]
[Date "2021.02.02"]
[Round "4"]
[White "zurzan"]
[Black "Pantata007"]
[Result "0-1"]
[WhiteElo "2020"]
[BlackElo "2248"]
[TimeControl "180+1"]
[EndTime "10:43:44 PST"]
[Termination "Pantata007 won by resignation"]

1. f4 Nf6 2. Nf3 g6 3. g3 Bg7 4. Bg2 O-O 5. O-O c5 6. d3 d5 7. c3 Nc6 8. Qc2 Re8 9. Ne5 Nxe5 10. fxe5 Ng4 11. d4 Bf5 12. Qd1 Be4 13. h3 Nh6 14.
Nd2 Bxg2 15. Kxg2 cxd4 16. cxd4 f6 17. Nf3 fxe5 18. Bxh6 Bxh6 19. Nxe5 Qb6 20. Qd3 Bg7 21. Rab1 Rac8 22. Rf3 Qe6 23. Re3 Qd6 24. Rf1 Rf8 25. Rxf8+ Rxf8 26. Qb3 b6 27. Qc3 h5 28. Rf3 Rxf3 29.
Nxf3 Qf6 30. Qc8+ Kh7 31. h4 a5 32. Ng5+ Kh6 33. Nf3 Qf5 34. Qxf5 gxf5 35. e3 Bf6 36. Kf2 Kg7 37. Ke2 Kf7 38. Kd3 Ke8 39. Kc3 b5 40. b4 a4 41. a3 Kd7 42. Kd3 Kc6 43. Nd2 e5 44. Nf1 e4+ 45. Ke2 Be7 46. Kd1 Bd6 47. Kc2 Kc7 48. Kd2 Kb7 49. Ke2 Kb6 50. Kf2 Bxb4 51.
axb4 a3 52. Nd2 a2 53. Nb3 Kc6 54. Kg2 Kd6 55. Kf2 Ke6 56. Ke2 Kf6 57. Kd2 Ke6 58. Kc2 f4 59. gxf4 Kf5 60. Kb2 Kg4 61. Kxa2 Kxh4 62. Nd2 Kg4 63. Nxe4 dxe4 64. d5 h4 65. d6 h3 66. d7 h2 67. d8=Q h1=Q 68. Qd7+ Kf3 69.
Qxb5 Qg2+ 70. Kb3 Kxe3 71. Qc5+ Kf3 72. Qe5 e3 73. Qd5+ Kf2 74. Qxg2+ Kxg2 75. f5 e2 76. f6 e1=Q 77. f7 Qf2 78. Kc4 Qxf7+ 79. Kc5 Qb7 80. b5 Kf3 81. b6 Ke4 82. Kd6 Kd4 83.
Ke6 Kc5 0-1

[Event "*** Titled Tuesday Blitz"]
[Site "Chess.com"]
[Date "2021.02.02"]
[Round "4"]
[White "Sanyura"]
[Black "Love_craft"]
[Result "0-1"]
[WhiteElo "2697"]
[BlackElo "2515"]
[TimeControl "180+1"]
[EndTime "10:43:48 PST"]
[Termination "Love_craft won by checkmate"]

1. e4 g6 2. d4 Bg7 3. c3 d6 4. Bd3 Nf6 5. Nf3 O-O 6. O-O Nbd7 7. Nbd2 e5 8. Re1 b6 9. a4 a5 10. Nc4 Re8 11. Bc2 Bb7 12. dxe5 Nxe5 13. Nfxe5 dxe5 14. Qf3 Nd7 15. Ne3 f5 16. Qh3 f4 17. Ng4 h5 18.
Bb3+ Kf8 19. Rd1 Qe7 20. Ne3 Nc5 21. Nd5 Qg5 22. Bc2 Bc8 23. Qg3 Qh6 24. Nxf4 exf4 25.
Bxf4 Qh7 26. Bxc7 Kg8 27. Bxb6 Ne6 28. e5 Nf8 29. Bd4 h4 30. Qf3 Be6 31. h3 Kh8 32. b4 Qg8 33. b5 Rad8 34. b6 Bd5 35. Qg4 Qf7 36. Qxh4+ Kg8 37. Qg3 Be6 38. Rab1 Rd7 39. Be4 Bd5 40. Bxd5 Qxd5 41. h4 Ne6 42. h5 gxh5 43.
Kh1 Rf7 44. Be3 Qe4 45. b7 h4 46. Qh3 Rxb7 47. Rxb7 Qxb7 48. Qg4 Qe7 49. Rd6 Qf7 50. Bh6 Kh7 51. Bxg7 Nxg7 52. Rf6 Qh5 53. Qe4+ Kg8 54. e6 Qd1+ 55. Kh2 Qd6+ 56. Kh3 Rxe6 57. Qa8+ Kh7 58. Rf4 Qxf4 59. Qf3 Qxf3+ 60. gxf3 Rc6 61. Kxh4 Rxc3 62. Kg5 Rc4 63. f4 Rxa4 64. f5 Ra2 65. f4 Ne8 66. f6 Nxf6 67. Kxf6 Rf2 68. f5 a4 69. Ke5 a3 70. f6 a2 71. Ke6 a1=Q 72. f7 Qa6+ 73. Kd5 Qb5+ 74. Ke4 Qe2+ 75. Kd5 Rf5+ 76. Kd6 Qe5+ 77. Kc6 Qd5+ 78. Kc7 Rxf7+ 79.
Kb6 Rf6+ 80. Ka7 Qa5+ 81. Kb8 Qb6+ 82. Kc8 Qc6+ 83. Kd8 Rf8+ 84. Ke7 Qf6+ 85. Kd7 Rd8+ 86. Kc7 Qd6+ 87. Kb7 Rb8+ 88. Ka7 Qb6# 0-1

[Event "*** Titled Tuesday Blitz"]
[Site "Chess.com"]
[Date "2021.02.02"]
[Round "4"]
[White "TeukkaSalama"]
[Black "Aikiigm"]
[Result "1-0"]
[WhiteElo "2379"]
[BlackElo "2576"]
[TimeControl "180+1"]
[EndTime "10:43:52 PST"]
[Termination "TeukkaSalama won by resignation"]

1. d4 d5 2. Bf4 c6 3. e3 Qb6 4.
Qc1 Bf5 5. Nf3 Nf6 6. Be2 e6 7. h3 Nbd7 8. O-O Rc8 9. c4 Be7 10. Nc3 O-O 11. c5 Qd8 12. b4 Ne4 13. a4 Bf6 14. b5 Ndxc5 15. bxc6 Rxc6 16. Bb5 Nb3 17. Qb2 Rxc3 18. Ra3 a6 19. Be2 Qb6 20. Rb1 Rfc8 21. Rxb3 Rxb3 22. Qxb3 Qxb3 23. Rxb3 Rc1+ 24. Kh2 Nxf2 25.
Rxb7 h6 26. Bxa6 Be4 27. Nd2 Rc2 28. Nxe4 Nxe4 29. Bb5 Ra2 30. Ra7 g5 31. Be5 Bxe5+ 32. dxe5 h5 33. a5 g4 34. hxg4 hxg4 35. a6 Ra1 36. Ra8+ Kg7 37. a7 g3+ 38. Kh3 Nc5 39.
Kxg3 Ne4+ 40. Kh3 Ng5+ 41. Kg4 Ne4 42. Bc6 Ra6 43. Bb7 Ra4 44. Bc6 Ra6 45. Bb5 Ra5 46.
Be2 Nd2 47. Bf3 Nc4 48. Kg3 Nxe3 49. Kf2 Nf5 50. g4 Nd4 51. Be2 Ra2 52. Kf1 Nxe2 53. Rb8 Rxa7 54. Kxe2 Ra4 55. Kf3 Re4 56. Rb7 Rxe5 57.
Kf4 Re4+ 58. Kg5 Re5+ 59. Kf4 Kg6 60. Rd7 Re4+ 61. Kf3 f6 62. Rd6 Re5 63. Rd8 Re4 64. Rg8+ Kf7 65. Rd8 Rc4 66. Rd7+ Ke8 67. Rd6 Ke7 68.
Ra6 Rc7 69. Rb6 Rd7 70. Ke3 e5 71. Kd3 Rd6 72. Rb7+ Ke6 73. Rb8 Rb6 74. Rxb6+ Kf7 75. Rb7+ Kg6 76. Ke3 Kg5 77. Kf3 d4 78. Rd7 f5 79.
gxf5 Kxf5 80. Rf7+ Ke6 81. Rf8 Kd5 82. Rd8+ Ke6 83.
Ke4 Ke7 84. Rd5 Kf6 85. Rxe5 d3 86. Rd5 d2 87. Rd3 d1=Q 88. Rxd1 1-0

[Event "*** Titled Tuesday Blitz"]
[Site "Chess.com"]
[Date "2021.02.02"]
[Round "4"]
[White "GoltsevDmitry2000"]
[Black "banane_verte"]
[Result "0-1"]
[WhiteElo "2621"]
[BlackElo "2447"]
[TimeControl "180+1"]
[EndTime "10:43:55 PST"]
[Termination "banane_verte won by resignation"]

1. e4 d5 2. exd5 Qxd5 3. Nc3 Qa5 4. Nf3 Nf6 5. d4 c6 6. h3 Bf5 7. Bd3 Bxd3 8. Qxd3 e6 9. Bd2 Nbd7 10. O-O Qc7 11.
Rfe1 Bd6 12. Rad1 O-O 13. a3 Bf4 14. Bxf4 Qxf4 15. Ne5 Rad8 16. Nc4 Qc7 17. Ne3 Nb6 18. Ne4 Nxe4 19. Qxe4 Nd5 20. Nc4 Qf4 21. c3 Qxe4 22.
Rxe4 Rfe8 23. Na5 Rd7 24. Rde1 Rb8 25. g3 Kf8 26. f4 g6 27. Kg2 h5 28. Kf3 Nf6 29. R4e2 Nd5 30. g4 hxg4+ 31. hxg4 Kg7 32. Rh1 Rh8 33. Rxh8 Kxh8 34. f5 exf5 35. gxf5 gxf5 36. Re8+ Kg7 37. Rb8 Re7 38. Nxb7 f4 39. Nd6 Re3+ 40. Kf2 Rh3 41. Rb7 Rh2+ 42. Kf3 Rh3+ 43. Kg4 Rg3+ 44. Kh4 Rg1 45. Rxf7+ Kg6 46. Rf8 Kg7 47. Rf7+ Kg6 48.
c4 Ne3 49. Rxf4 Ng2+ 50. Kg3 Nxf4+ 51. Kxf4 Kf6 52. Ne4+ Ke6 53. Nc3 Rg2 54. b4 Rc2 55. d5+ Kd7 56. dxc6+ Kxc6 57. Nd5 Rxc4+ 58. Ke5 Rh4 59.
Ne7+ Kb5 60. Nc8 a6 61. Kd5 Rh5+ 62. Kd6 Ka4 63. Kc6 Kxa3 64. Kb6 Rh6+ 65. Ka5 Rh5+ 66.
Kxa6 Kxb4 67. Kb6 Rh6+ 68. Kc7 Kc5 69. Kd7 Rh7+ 70. Ne7 Kd4 71. Ke6 Ke4 72. Kf6 Rh6+ 73. Ng6 Rh1 74. Kg5 Rg1+ 75. Kf6 Rg2 76. Ne7 Rf2+ 77. Ke6 Ra2 78. Kd7 Ke5 79. Nc6+ Kd5 80. Ne7+ Kc5 81. Ke6 Ra7 82. Kf7 Kd6 0-1

[Event "*** Titled Tuesday Blitz"]
[Site "Chess.com"]
[Date "2021.02.02"]
[Round "4"]
[White "Susal_De_Silva"]
[Black "OK97"]
[Result "0-1"]
[WhiteElo "2596"]
[BlackElo "2784"]
[TimeControl "180+1"]
[EndTime "10:44:11 PST"]
[Termination "OK97 won by checkmate"]

1. e4 e6 2. d4 d5 3. Nc3 Nf6 4. e5 Nfd7 5. f4 c5 6. Nf3 Nc6 7. Be3 a6 8. Qd2 b5 9. dxc5 Bxc5 10. Bd3 Qb6 11. Bf2 h6 12. O-O O-O 13. a3 Ra7 14.
Bxc5 Nxc5 15. Qf2 b4 16. Ne2 a5 17. Nfd4 Nxd4 18. Qxd4 Rc7 19. axb4 Qxb4 20. Qxb4 axb4 21. Nd4 Bd7 22. Kf2 f6 23. Ke3 Rfc8 24. g4 Kf7 25. g5 hxg5 26. fxg5 f5 27. h4 Rh8 28. Rh1 Na4 29. Rab1 g6 30. Be2 Ke7 31. h5 gxh5 32.
Bxh5 Rcc8 33. Be2 Rcg8 34. Kf4 Nc5 35. Bd3 Ne4 36. Bxe4 fxe4 37. Rbg1 Rf8+ 38. Ke3 Be8 39. Ne2 Rfg8 40. Rxh8 Rxh8 41. Nf4 Bf7 42. g6 Be8 43. c3 bxc3 44. bxc3 Rg8 45. Ra1 Bxg6 46. Ra7+ Kf8 47. Nxe6+ Ke8 48. Nc7+ Kd7 49. Nxd5+ Ke6 50. Kd4 Rd8 51. Ra6+ Kf5 52. Rf6+ Kg5 53. Rd6 Re8 54. Ne3 Ra8 55. c4 Ra3 56. Nd5 Rd3+ 57. Kc5 e3 58. Nxe3 Rxe3 59. e6 Bf5 60. Kd5 Kf6 61. Rb6 Bxe6+ 62. Kc5 Re1 63. Kb5 Rb1+ 64. Kc6 Rc1 65.
c5 Ke5 66. Rb8 Bd5+ 67. Kc7 Rxc5+ 68. Kd8 Ra5 69. Rb6 Ra8+ 70. Kc7 Rh8 71. Rg6 Rh7+ 72.
Kb6 Rb7+ 73. Ka5 Kd4 74. Rb6 Ra7+ 75. Ra6 Rc7 76. Rb6 Kc5 77. Ra6 Rb7 78. Ka4 Bb3+ 79. Ka3 Bc4 80. Ra5+ Kd4 81. Rh5 Kc3 82. Rh3+ Bd3 83.
Ka4 Ra7# 0-1